 Dungeon Crawl Stone Soup version 0.20.1-1-g8b1a95d (webtiles) character file.

351 RicketyTrickster the Cutter (level 6, -16/60 HPs)
             Began as a Kobold Berserker on July 4, 2017.
             Was a Believer of Trog.
             Demolished by an ogre
             ... wielding a +0 giant club
              (23 damage)
             ... on level 3 of the Dungeon.
             The game lasted 00:06:52 (2429 turns).

RicketyTrickster the Cutter (Kobold Berserker)      Turns: 2429, Time: 00:06:53

Health: -16/60     AC:  3    Str: 22    XL:     6   Next: 93%
Magic:  6/6        EV: 16    Int:  8    God:    Trog [**....]
Gold:   146        SH:  0    Dex: 14    Spells: 5/5 levels left

rFire    . . .     SeeInvis .   a - +0 short sword
rCold    . . .     Gourm    .   (shield restricted)
rNeg     . . .     Faith    .   b - +1 animal skin
rPois    .         Spirit   .   (no helmet)
rElec    .         Reflect  .   (no cloak)
rCorr    .         Harm     .   (no gloves)
MR       .....                  (no boots)
Stlth    ..........             (no amulet)
Regen    0.2/turn               (no ring)
MPRegen  0.1/turn               (no ring)

@: berserking, very quick
A: carnivore 3
a: Berserk, Trog's Hand, Burn Spellbooks, Renounce Religion


You were on level 3 of the Dungeon.
You worshipped Trog.
Trog was pleased with you.
You were very full.

You visited 1 branch of the dungeon, and saw 3 of its levels.

You collected 146 gold pieces.

Inventory:

Hand Weapons
 a - a +0 short sword (weapon)
Armour
 b - a +1 animal skin (worn)
Jewellery
 f - a cursed ring of positive energy {unknown}
Wands
 n - a wand of digging (3/24)
Scrolls
 e - 2 scrolls of remove curse
 h - 3 scrolls of immolation
 k - a scroll of blinking
 l - a scroll of teleportation
 m - 2 scrolls of identify
Potions
 o - a potion of brilliance
 r - a potion of heal wounds {unknown}
Comestibles
 c - 5 meat rations
 d - 2 bread rations
 g - a fruit
 i - a royal jelly
 j - a chunk of flesh


   Skills:
 + Level 5.0 Fighting
 + Level 6.8 Short Blades
 + Level 1.9 Armour
 + Level 4.1 Dodging
 + Level 2.2 Stealth


You had 5 spell levels left.
You didn't know any spells.

Dungeon Overview and Level Annotations

Branches:
Dungeon (3/15)

Altars:
Cheibriados
Nemelex Xobeh

Annotations:
D:3 Grinder


Innate Abilities, Weirdness & Mutations

You are small and have problems with some larger weapons.
You are carnivorous and can eat meat at any time.


Message History

The ogre is lightly wounded.
The ogre closely misses you.
You hit the ogre.
The ogre is moderately wounded.
You hit the ogre.
The ogre is moderately wounded.
The ogre hits you with a giant club!
You hit the ogre.
The ogre is heavily wounded.
You hit the ogre.
The ogre is severely wounded.
The ogre hits you with a giant club!!
Ouch! That really hurt!
* * * LOW HITPOINT WARNING * * *
Grinder comes into view.
A red film seems to cover your vision as you go berserk!
You feel yourself moving faster!
You feel mighty!
Grinder shouts!
The ogre hits you with a giant club!!
You die...

#...# ..... #...# .....
#)..# ...... #...#
...... #...# .[....###
#...# ........# #...#
........###...#
......O@....>.#
.......g#...###
.............###########
........###.....##......
........................
...........####.........
##.........#............
#..5......#.##.##......
#.........#.#...#......


You could see Grinder, an ogre and a hobgoblin.

Vanquished Creatures
  Sigmund (D:2)
  Jessica (D:2)
  Natasha (thrice) (D:3)
  5 adders
  A worm (D:2)
  A dart slug (D:2)
  2 orcs (D:3)
  5 bats
  5 giant cockroaches
  3 goblins
  5 hobgoblins
  4 jackals (D:2)
  3 kobolds
  A quokka (D:2)
  A frilled lizard (D:1)
  3 rats
44 creatures vanquished.

Notes
Turn   | Place    | Note
-------+----------+-------------------------------------------
     0 | D:1      | RicketyTrickster the Kobold Berserker began the quest for the Orb.
     0 | D:1      | Reached XP level 1. HP: 14/14 MP: 1/1
   384 | D:1      | Reached XP level 2. HP: 19/19 MP: 2/2
   952 | D:2      | Noticed Sigmund
   961 | D:2      | Killed Sigmund
   961 | D:2      | Reached skill level 5 in Short Blades
   961 | D:2      | Reached skill level 1 in Stealth
   961 | D:2      | Reached XP level 3. HP: 24/24 MP: 3/3
   961 | D:2      | Reached XP level 4. HP: 30/30 MP: 4/4
   961 | D:2      | Reached XP level 5. HP: 34/34 MP: 5/5
  1137 | D:2      | Noticed Jessica
  1144 | D:2      | Killed Jessica
  1144 | D:2      | Reached skill level 6 in Short Blades
  1144 | D:2      | Reached XP level 6. HP: 37/39 MP: 6/6
  1302 | D:2      | Found a snail-covered altar of Cheibriados.
  1892 | D:3      | Noticed Natasha
  1897 | D:3      | Killed Natasha
  1907 | D:3      | Reached ** piety under Trog
  1926 | D:3      | Noticed Natasha
  1938 | D:3      | Killed Natasha
  2013 | D:3      | Noticed Natasha
  2060 | D:3      | Killed Natasha
  2358 | D:3      | Reached skill level 5 in Fighting
  2365 | D:3      | Found a sparkling altar of Nemelex Xobeh.
  2421 | D:3      | Noticed an ogre
  2429 | D:3      | Noticed Grinder
  2429 | D:3      | Demolished by an ogre

Skill      XL: |  1  2  3  4  5  6 |
---------------+-------------------+-----
Fighting       | 4 5 |  5.0
Short Blades   | 5 6 |  6.8
Dodging        | 3 4 |  4.1
Stealth        | 1 2 |  2.2
Armour         | |  1.9

Action                   |  1- 3 |  4- 6 || total
-------------------------+-------+-------++-------
Melee: Short sword       |    43 |   107 ||   150
Invok: Berserk           |     1 |     3 ||     4
  Use: Scroll            |     3 |     6 ||     9
       Potion            |     2 |     2 ||     4
 Stab: Sleeping          |     2 |     3 ||     5
  Eat: Chunk             |     4 |    12 ||    16
Armor: Animal skin       |     3 |    13 ||    16
Dodge: Dodged            |    19 |    79 ||    98
